 Dungeon Crawl Stone Soup version 0.28-a0-834-g1a73be5ee4 (webtiles) character file.

Game seed: 2883526674583220443

632 croobank the Digger (level 7, -5/53 HPs)
             Began as a Pale Draconian Earth Elementalist on Nov 11, 2021.
             Was an Initiate of Ru.
             Slain by a two-headed ogre (16 damage)
             ... on level 6 of the Dungeon.
             The game lasted 00:31:14 (4627 turns).

croobank the Digger (DrEE)                          Turns: 4627, Time: 00:31:15

Health: -5/53      AC:  6    Str: 13    XL:     7   Next: 24%
Magic:  11/12      EV: 10    Int: 15    God:    Ru [......]
Gold:   279        SH:  7    Dex: 11    Spells: 12/13 levels left

rFire   . . .      SeeInvis +   h - +4 flail (protect)
rCold   . . .      Faith    .   g - +0 kite shield
rNeg    . . .      Spirit   .   (armour unavailable)
rPois   .          Reflect  .   (helmet restricted)
rElec   .          Harm     .   (no cloak)
rCorr   +          Rampage  .   (no gloves)
Will    .....                   (no boots)
Stlth   ++........              v - amulet of magic regeneration
HPRegen 0.17/turn               p - ring of see invisible
MPRegen 0.38/turn               x - ring of resist corrosion

@: short of breath
A: breathe steam, AC +6, unfitting armour, cold-blooded, missing an eye, steam
resistance
a: Breathe Steam, Renounce Religion


You were on level 6 of the Dungeon.
You worshipped Ru.
Ru was noncommittal.
You visited 2 branches of the dungeon, and saw 7 of its levels.

You collected 279 gold pieces.

Inventory:

Hand Weapons
 a - a +0 dagger
 h - a +4 flail of protection (weapon)
 i - a +0 vorpal mace
 o - a +1 hand axe of venom
 y - a +2 whip of venom
Missiles
 b - 42 stones
 d - 44 poisoned darts
 e - 2 javelins
 w - 11 boomerangs
Armour
 g - a +0 kite shield (worn)
Jewellery
 p - a ring of see invisible (left hand)
 v - an amulet of magic regeneration (around neck)
 x - a ring of resist corrosion (right hand)
Wands
 j - a wand of digging (5)
Scrolls
 c - a scroll of blinking {unknown}
 k - 2 scrolls of fear {unknown}
 n - a scroll of fog {unknown}
 q - a scroll of vulnerability {unknown}
 s - a scroll of immolation {unknown}
 t - 3 scrolls of magic mapping
 u - a scroll of enchant armour {unknown}
 z - a scroll of identify
Potions
 f - a potion of attraction
 l - a potion of ambrosia
 m - a potion of degeneration
 r - a potion of cancellation {unknown}


   Skills:
 + Level 1.7 Fighting
 * Level 3.5 Maces & Flails
 + Level 0.2 Throwing
 + Level 3.2 Dodging
 + Level 2.5 Stealth
 + Level 1.3 Shields
 + Level 3.9 Spellcasting
 + Level 1.0 Transmutations
 + Level 4.6 Earth Magic


You had 12 spell levels left.
You knew the following spells:

 Your Spells              Type           Power      Damage    Failure   Level
a - Sandblast             Erth           32%        2d9       16%         1

Your spell library contained the following spells:

 Spells                   Type           Power      Damage    Failure   Level
 Passwall                 Tmut/Erth      9%         N/A       45%         2
 Stone Arrow              Conj/Erth      18%        3d8       77%         3
 Poisonous Vapours        Pois/Air       4%         N/A       85%         2
 Call Canine Familiar     Summ           2%         N/A       97%         3
 Portal Projectile        Hex/Tloc       4%         N/A       97%         3
 Petrify                  Tmut/Erth      11%        N/A       97%         4
 Leda's Liquefaction      Hex/Erth       4%         N/A       99%         4
 Conjure Ball Lightning   Conj/Air       1%         3x3d6     100%        6
 Orb of Destruction       Conj           1%         N/A       100%        7


Dungeon Overview and Level Annotations

Branches:
Dungeon (6/15)             Temple (1/1) D:4

Altars:
Ashenzari
Cheibriados
Dithmenos
Elyvilon
Fedhas
Gozag
Hepliaklqana
Kikubaaqudgha
Makhleb
Nemelex Xobeh
Okawaru
Qazlal
Ru
Sif Muna
Trog
Uskayaw
Vehumet
Wu Jian
Yredelemnul
Zin
The Shining One

Shops:
D:6 :


Innate Abilities, Weirdness & Mutations

You can breathe blasts of scalding, opaque steam.
Your pale cyan-grey scales are hard. (AC +6)
You cannot fit into any form of body armour.
You are cold-blooded and may be slowed by cold attacks.
You are missing an eye, making it more difficult to aim.
You are immune to the effects of steam.


Message History

The two-headed ogre closely misses you.
You closely miss the two-headed ogre.
The two-headed ogre is heavily wounded.
You block the two-headed ogre's attack. x2
You closely miss the two-headed ogre.
The two-headed ogre is heavily wounded.
The two-headed ogre closely misses you. The two-headed ogre barely misses you.
You sock the two-headed ogre!
Your weapon exudes an aura of protection.
The two-headed ogre is severely wounded.
The two-headed ogre hits you but does no damage.
The two-headed ogre completely misses you.
You closely miss the two-headed ogre.
The two-headed ogre is severely wounded.
The two-headed ogre closely misses you. x2
You barely miss the two-headed ogre.
The two-headed ogre is severely wounded.
You have got your breath back.
You block the two-headed ogre's attack.
The two-headed ogre hits you with a +0 giant club!!
Ouch! That really hurt!
* * * LOW HITPOINT WARNING * * *
Okay, then.
Press: ? - help, Shift-Dir - straight line, f/p - two-headed ogre
Aim: a two-headed ogre, wielding a +0 giant spiked club and a +0 giant club (heavily wounded)
You exhale a blast of scalding steam.
The ball of steam hits the two-headed ogre.
The two-headed ogre is severely wounded.
The two-headed ogre is engulfed in a cloud of scalding steam.
You block the two-headed ogre's attack. x2
A two-headed ogre is nearby!
The two-headed ogre is engulfed in a cloud of scalding steam.
Aiming: Sandblast (safe; 16% risk of failure)
Press: ? - help, Q - select action, (/) - cycle Shift-Dir - straight line, f/p - two-headed ogre
Aim: a two-headed ogre, wielding a +0 giant spiked club and a +0 giant club (almost dead, 85% to hit)
The blast of sand hits the two-headed ogre.
The two-headed ogre is almost dead.
You block the two-headed ogre's attack.
The two-headed ogre hits you with a +0 giant club!
You die...

........#...# ##.##....##
........##### ##'####....
########## #..........
#.# #.......... #.#
#.....<..## #.#
####......#.## #
#.###.........#.##
##.######.#..........#...
#..#..PO@≈.#'##......#.##
#'..≈.)≈≈..##......#.##
#.....≈≈≈#.##......#.##
#...≈P.≈≈#≈##......#.##
##.....≈##≈######.##.#
########≈## #.##.## #
#...... #...... #......


You could see a two-headed ogre.

Vanquished Creatures
  An ogre (D:4)
  2 phantoms
  3 electric eels (D:6)
  A bullfrog zombie (D:5)
  A hound (D:5)
  2 jellies
  A howler monkey zombie (D:5)
  5 adders
  A howler monkey skeleton (D:6)
  A river rat (D:5)
  An ufetubus (D:4)
  2 worms (D:3)
  A dart slug (D:3)
  5 orcs
  6 bats
  5 endoplasms
  A giant cockroach (D:4)
  7 goblins
  2 hobgoblins
  4 jackals (D:1)
  4 quokkas
  8 ball pythons
  A ball python skeleton (D:3)
  3 frilled lizards
  2 kobolds (D:1)
  3 rats (D:1)
73 creatures vanquished.

Notes
Turn   | Place    | Note
-------+----------+-------------------------------------------
     0 | D:1      | croobank the Draconian Earth Elementalist began the quest
                  | for the Orb.
     0 | D:1      | Reached XP level 1. HP: 14/14 MP: 3/3
   522 | D:1      | Reached XP level 2. HP: 20/20 MP: 5/5
   787 | D:1      | Identified a scroll of acquirement
   787 | D:1      | Acquired a +1 flail of protection
  1329 | D:2      | You fall into a shaft and drop 2 floors!
  1370 | D:3      | Reached XP level 3. HP: 26/26 MP: 1/6
  1377 | D:3      | Got the Volume of Hurtful Intoxication
  1801 | D:2      | Reached XP level 4. HP: 34/34 MP: 4/7
  2989 | D:4      | Noticed an ogre
  2996 | D:4      | Killed an ogre
  2997 | D:4      | Reached skill level 1 in Maces & Flails
  2997 | D:4      | Reached skill level 4 in Earth Magic
  2997 | D:4      | Reached XP level 5. HP: 34/39 MP: 7/9
  3032 | D:4      | Found a staircase to the Ecumenical Temple.
  3036 | D:4      | Noticed a phantom
  3051 | D:4      | Killed a phantom
  3052 | D:4      | Reached skill level 1 in Fighting
  3052 | D:4      | Reached skill level 1 in Shields
  3052 | D:4      | Reached XP level 6. HP: 46/47 MP: 9/11
  3064 | Temple   | Entered the Ecumenical Temple
  3124 | Temple   | Became a worshipper of Ru the Awakened
  3175 | D:4      | Identified the +1 ring mail of Qestry {Fly rPois MP+9}
  3477 | D:5      | Entered Level 5 of the Dungeon
  4420 | D:6      | Found Iklivad's Book Shop.
  4426 | D:6      | Your scales start taking on a pale cyan-grey colour.
  4426 | D:6      | Reached XP level 7. HP: 52/52 MP: 10/12
  4426 | D:6      | Gained mutation: You are immune to the effects of steam.
                  | [Pale Draconian growth]
  4480 | D:6      | Gained mutation: You are missing an eye, making it more
                  | difficult to aim. [Ru sacrifice]
  4614 | D:6      | Noticed a two-headed ogre
  4627 | D:6      | Slain by a two-headed ogre

Illustrated notes

Levels and vault maps discovered:
D:1:      minmay_arrival_four_loops, layout_loops_ring
D:2:      layout_basic
D:3:      layout_basic, minmay_vboxes
D:4:      layout_rooms, minmay_temple_entry_glass, minmay_misc_feat_x,
          minmay_box_of_dots
D:5:      layout_cave_pools, gup_sewer_entry_bowl, grunt_decor_resistance
D:6:      cheibrodos_two_vegetables, layout_basic, serial_shops,
          nicolae_diamond_shop
Temple:   compressed_dpeg_circular_temple

Skill      XL: |  1  2  3  4  5  6 |
---------------+-------------------+-----
Stealth        | 2 |  2.5
Dodging        | 2 3 |  3.2
Maces & Flails | 1 2 3 |  3.5
Spellcasting   | 3 |  3.9
Earth Magic    | 4 |  4.6
Fighting       | 1 |  1.7
Shields        | 1 |  1.3
Throwing       | |  0.2
Transmutations | |  1.0

Action                   |  1- 3 |  4- 6 |  7- 9 || total
-------------------------+-------+-------+-------++-------
Melee: Dagger            |    27 |       |       ||    27
       Tailslap          |     6 |    13 |       ||    19
       Flail             |    22 |    90 |     5 ||   117
Throw: Boomerang         |       |     4 |       ||     4
 Cast: Sandblast         |    33 |    29 |     7 ||    69
Invok: Sacrifice an Eye  |       |       |     1 ||     1
 Abil: Breathe Steam     |       |       |     3 ||     3
Evoke: Wand              |       |       |     1 ||     1
  Use: Scroll            |     4 |     8 |       ||    12
 Stab: Sleeping          |     2 |     2 |       ||     4
Armor: Skin              |    20 |    47 |     1 ||    68
Dodge: Dodged            |    32 |    60 |     6 ||    98
Block: Kite shield       |    13 |    37 |     6 ||    56

Table legend: (Time is in decaauts)
 A = Elapsed time spent in this place.
 B = Non-inter-level travel time spent in this place.
 C = Inter-level travel time spent in this place.
 D = Time resting spent in this place.
 E = Time spent auto-exploring this place.
 F = Levels seen in this place.
 G = Mean time per level.
                   A        B        C        D        E       F      G
               +--------+--------+--------+--------+--------+-----+--------+
         Total |   4708 |   4564 |    144 |    285 |   3247 |   7 |  672.6 |
       Dungeon |   4608 |   4483 |    125 |    285 |   3193 |   6 |  768.0 |
        Temple |     99 |     80 |     19 |      0 |     54 |   1 |   99.0 |
               +--------+--------+--------+--------+--------+-----+--------+

Top non-repeatable levels by time:
     D:1: 1173 daAuts
     D:2: 954 daAuts
     D:3: 859 daAuts
     D:5: 827 daAuts
     D:4: 438 daAuts
     D:6: 355 daAuts
  Temple: 99 daAuts
